 Dungeon Crawl Stone Soup version 0.30.1-4-g462c640d31 (webtiles) character file.

Game seed: 4686982376001921130

95 MrPagan1517 the Grave Robber (level 4, -2/30 HPs)
             Began as a Demonspawn Necromancer on Aug 28, 2023.
             Was an Initiate of Yredelemnul.
             Killed by divine providence
             ... invoked by an orc priest
              (14 damage)
             ... on level 3 of the Dungeon.
             The game lasted 00:16:28 (1950 turns).

MrPagan1517 the Grave Robber (DsNe)                 Turns: 1950, Time: 00:16:28

Health: -2/30      AC:  4    Str:  9    XL:     4   Next: 39%
Magic:  4/8        EV: 12    Int: 18    God:    Yredelemnul [......]
Gold:   146        SH:  0    Dex: 13    Spells: 5/9 levels left

rFire   . . .        c - +0 short sword (protect)
rCold   + . .        (no shield)
rNeg    . . .        a - +0 robe
rPois   .            (no helmet)
rElec   .            i - +0 cloak
rCorr   .            (no gloves)
SInv    .            m - +0 pair of boots
Will    .....        (no amulet)
Stlth   ++           n - ring of protection from cold
HPRegen 0.25/turn    (no ring)
MPRegen 0.22/turn

%: no passive effects
@: no status effects
A: claws 1, spiny 1, magic regeneration
a: Renounce Religion, Recall Undead Harvest


You were on level 3 of the Dungeon.
You worshipped Yredelemnul.
Yredelemnul was noncommittal.
You visited 1 branch of the dungeon, and saw 3 of its levels.

You collected 146 gold pieces.

Inventory:

Hand Weapons
 c - a +0 short sword of protection (weapon)
 k - a +0 dagger of flaming
Armour
 a - a +0 robe (worn)
 i - a +0 cloak (worn)
 m - a +0 pair of boots (worn)
Jewellery
 n - a ring of protection from cold (left claw)
Scrolls
 e - a scroll of vulnerability
 l - a scroll of identify
Potions
 b - 2 potions of magic
 d - 4 potions of curing
 f - a potion of mutation
 g - a potion of flight {unknown}
 h - a potion of resistance {unknown}
 j - a potion of degeneration {unknown}


   Skills:
 + Level 1.8 Dodging
 - Level 1.7 Stealth
 + Level 3.3 Spellcasting
 + Level 5.5 Necromancy


You had 5 spell levels left.
You knew the following spells:

 Your Spells              Type           Power      Damage    Failure   Level
a - Necrotise             Necr           88%        1d8       1%          1
b - Vampiric Draining     Necr           22%        2d7       4%          3

Your spell library contained the following spells:

 Spells                   Type           Power      Damage    Failure   Level
 Agony                    Necr           22%        N/A       41%         5
 Inner Flame              Hex/Fire       2%         N/A       43%         3
 Yara's Violent Unravell  Hex/Tmut       1%         3d3       99%         5
 Enfeeble                 Hex            1%         N/A       100%        7
 Animate Dead             Necr           Unusable   N/A       N/A         4

Dungeon Overview and Level Annotations

Branches:
Dungeon (3/15)

Altars:
Yredelemnul


Innate Abilities, Weirdness & Mutations

You have sharp fingernails.
You are partially covered in sharp spines.
You regenerate magic rapidly.


Message History

Aim: an orc, wielding a +0 whip and wearing a +0 ring mail (chance to affect: 91%)
The orc writhes in agony!
You kill the orc!
Casting: Necrotise (safe; 1% risk of failure)
Confirm with . or Enter, or press ? or * to list all spells.
Aiming: Necrotise (safe; 1% risk of failure)
Press: ? - help, Shift-Dir - straight line, f - orc
Aim: an orc, wielding a +0 club (ally target, chance to affect: 91%)
The orc writhes in agony.
The orc priest invokes the aid of Beogh against you.
Beogh smites you!
Casting: Necrotise (safe; 1% risk of failure)
Confirm with . or Enter, or press ? or * to list all spells.
Aiming: Necrotise (safe; 1% risk of failure)
Press: ? - help, Shift-Dir - straight line, f/p - orc
Aim: an orc, wielding a +0 club (lightly wounded, ally target, chance to affect: 91%)
The orc barely resists.
The orc is struck by your spines. The orc closely misses you.
You swap places.
The orc hits your orc zombie with a +0 club.
Your orc zombie completely misses the orc.
The orc hits your orc zombie with a +0 club.
Your orc zombie is destroyed!
Casting: Necrotise (safe; 1% risk of failure)
Confirm with . or Enter, or press ? or * to list all spells.
Okay, then.
The orc closely misses your kobold zombie.
Your kobold zombie barely misses the orc.
The orc barely misses your kobold zombie.
Your kobold zombie barely misses the orc.
The orc hits your kobold zombie with a +0 club.
Your kobold zombie hits the orc.
The orc hits your kobold zombie with a +0 club.
The orc hits your kobold zombie with a +0 club.
Your kobold zombie is destroyed!
The orc closely misses your hobgoblin zombie.
The orc priest mumbles some strange prayers to Beogh against you.
Beogh smites you!
You die...
Your body rises from the dead as a mindless zombie.

#...........###Z#
#.###..####..#Z##
#. #..# #.#.## #.
#..####.#.# #.
..........## ##
##.######...##
#.# #.....# # #.#
##....##.##.#
#..@....!..#
##...##.####
##Z## # #o# #l#
.o# ..# #..# #..#


You could see an orc priest, an orc (distracted, ally target), a frilled lizard
and a friendly hobgoblin zombie.

Vanquished Creatures
  An orc wizard (D:3)
  3 dart slugs
  2 orcs (D:3)
  4 bats
  2 endoplasms
  A giant cockroach (D:2)
  4 goblins
  6 hobgoblins
  3 jackals (D:1)
  6 kobolds
  4 quokkas
  4 ball pythons
  3 frilled lizards (D:1)
  2 rats
45 creatures vanquished.

Vanquished Creatures (collateral kills)
  2 worms (D:2)
  An endoplasm (D:2)
  A giant cockroach (D:1)
  A jackal (D:1)
  A ball python (D:2)
6 creatures vanquished.

Vanquished Creatures (others)
  A scorpion zombie (D:2)
  A bat zombie (D:2)
  An endoplasm zombie (D:2)
  A giant cockroach zombie (D:2)
  2 kobold zombies
  An orc zombie (D:3)
7 creatures vanquished.

Grand Total: 58 creatures vanquished

Notes
Turn   | Place    | Note
-------+----------+-------------------------------------------
     0 | D:1      | MrPagan1517 the Demonspawn Necromancer began the quest for
                  | the Orb.
     0 | D:1      | Reached XP level 1. HP: 13/13 MP: 3/3
   283 | D:1      | Gained mutation: You are partially covered in sharp spines.
                  | [demonic ancestry]
   283 | D:1      | Reached XP level 2. HP: 19/19 MP: 1/5
   544 | D:1      | Reached skill level 5 in Necromancy
   731 | D:1      | Gained mutation: You regenerate magic rapidly. [demonic
                  | ancestry]
   731 | D:1      | Reached XP level 3. HP: 23/24 MP: 2/6
   781 | D:1      | Learned a level 3 spell: Vampiric Draining
  1052 | D:2      | Found a faded altar of an unknown god.
  1062 | D:2      | Prayed at the altar of an unknown god.
  1062 | D:2      | Became a worshipper of Yredelemnul the Dark
  1062 | D:2      | Reached * piety under Yredelemnul
  1900 | D:3      | Gained mutation: You have sharp fingernails. [demonic
                  | ancestry]
  1900 | D:3      | Reached XP level 4. HP: 30/30 MP: 5/8
  1950 | D:3      | Killed from afar by an orc priest

Illustrated notes

Levels and vault maps discovered:
D:1:      dpeg_arrival_boxorama, layout_loops_ring
D:2:      layout_basic, serial_rivers, chequers_serial_rivers_large_a,
          chequers_serial_rivers_marsh, chequers_serial_rivers_micro_d,
          chequers_serial_rivers_marsh, nicolae_ecumenical_pavilion,
          serial_bayou_pond_c
D:3:      layout_loops_ring, mainiacjoe_overflow_brackets

Skill      XL: |  1  2  3 |
---------------+----------+-----
Necromancy     | 5 |  5.5
Spellcasting   | 3 |  3.3
Dodging        | |  1.8
Stealth        | |  1.7

Action                     |  1- 3 |  4- 6 || total
---------------------------+-------+-------++-------
  Melee: Unarmed           |     6 |       ||     6
         Short sword       |     2 |       ||     2
   Cast: Necrotise         |    70 |     7 ||    77
         Vampiric Draining |     2 |       ||     2
    Use: Scroll            |     7 |       ||     7
 Armour: Robe              |     5 |       ||     5
  Dodge: Dodged            |    26 |     1 ||    27
